 Dungeon Crawl Stone Soup version 0.31.0-32-g396128a36d (webtiles) character file.

Game seed: 2623152073519237167

73 Buffagor the Changeling (level 4, 0/28 HPs)
             Began as an Octopode Shapeshifter on Mar 22, 2024.
             Slain by Robin
             ... wielding a +3 whip
              (7 damage)
             ... on level 2 of the Dungeon.
             The game lasted 00:03:25 (1229 turns).

Buffagor the Changeling (Octopode Shapeshifter)     Turns: 1229, Time: 00:03:26

Health: 0/28       AC:  1    Str: 13    XL:     4   Next: 27%
Magic:  4/4        EV: 13    Int: 12    God:
Gold:   51         SH:  0    Dex: 19    Spells: 3/3 levels left

rFire   . .          .
                       - Unarmed
rCold   . . .        (no shield)
rNeg    . . .        (helmet currently unavailable)
rPois   .            (no amulet)
rElec   .            h - +6 ring of dexterity
rCorr   .            (no ring)
SInv    .            (no ring)
Will    .....        (no ring)
Stlth   +++          (no ring)
HPRegen 0.24/turn    (no ring)
MPRegen 0.09/turn    (no ring)
                     (no ring)

%: no passive effects
@: beast-form
A: beast (slay +2), almost no armour, amphibious, 8 rings, camouflage 1,
gelatinous body 1, (nimble swimmer 1), tentacles
a: Begin Untransformation


You were on level 2 of the Dungeon.
You were a hulking beast.
You visited 1 branch of the dungeon, and saw 2 of its levels.

You collected 51 gold pieces.

Inventory:

Missiles
 f - 4 poisoned darts
Jewellery
 h - a +6 ring of dexterity (left tentacle)
Talismans
 b - a beast talisman
 c - a flux talisman
Scrolls
 e - a scroll of revelation {unknown}
 k - a scroll of torment {unknown}
Potions
 a - 2 potions of lignification
 d - a potion of haste {unknown}
 g - a potion of brilliance {unknown}
 i - a potion of berserk rage {unknown}
 j - a potion of resistance {unknown}


   Skills:
 - Level 1.0 Fighting
 - Level 2.0 Dodging
 + Level 3.7 Unarmed Combat
 * Level 4.2 Shapeshifting


You had 3 spell levels left.
You didn't know any spells.
Your spell library contained the following spells:

 Spells                   Type           Power      Damage    Failure   Level
 Ensorcelled Hibernation  Hex/Ice        0%         N/A       45%         2
 Fugue of the Fallen      Necr           0%         N/A       69%         3
 Anguish                  Hex/Necr       0%         N/A       97%         4


Dungeon Overview and Level Annotations

Branches:
Dungeon (2/15)

Altars:

Annotations:
D:2 Robin


Innate Abilities, Weirdness & Mutations

You are a hulking beast.
Your limbs bulge with bestial killing power. (Slay +2)
You cannot wear most types of armour.
You are amphibious.
You can wear up to eight rings at the same time.
Your skin changes colour to match your surroundings (Stealth+).
Your rubbery body absorbs attacks. (AC +1, EV +1)
((You are camouflaged when in or above water. (Stealth+)))
You have tentacles for arms and can constrict up to eight enemies at once.


Message History

You feel sick.
You feel sick.
You are no longer poisoned.
HP restored.
Found a stone staircase leading down.
Robin of the Strong Arm comes into view.
They are wielding a +3 whip.
A goblin comes into view. It is wielding a +0 club.
You catch the helpless Robin completely off-guard!
You tentacle-slap Robin but do no damage.
The goblin shouts!
You grab Robin. You constrict Robin, but do no damage.
A quokka comes into view.
You tentacle-slap Robin but do no damage.
You constrict Robin, but do no damage. Robin completely misses you.
You tentacle-slap Robin but do no damage.
You constrict Robin. Robin hits you with a +3 whip!
You tentacle-slap Robin.
Robin is lightly wounded.
You constrict Robin, but do no damage. Robin hits you with a +3 whip!
You tentacle-slap Robin but do no damage.
Robin is lightly wounded.
You constrict Robin. Robin throws the goblin at you!
You closely miss the goblin. You grab the goblin. You constrict Robin.
You constrict the goblin.
Robin roars a battlecry!
The goblin goes into a battle-frenzy!
The goblin barely misses you.
You barely miss Robin. You squeeze Robin.
Robin is severely wounded.
You constrict Robin. You constrict the goblin.
The goblin hits you with a +0 club.
* * * LOW HITPOINT WARNING * * *
Robin barely misses you. The quokka closely misses you.
You tentacle-slap the quokka.
You kill the quokka!
You constrict Robin. You constrict the goblin.
You kill the goblin!
Robin hits you with a +3 whip!
You die...
Robin calls out, "Let's celebrate!
Time for a feast!"

..# #.# ##########.#
# #.......##.#.#
...#.#####.##.#.#
......g......>#.#
......†h$..##.#.#####
###..................
..........###..#####.
###.......# #..#
#.......# #..# ##
#.......# #..# .).
#....)..# #..# #.g##
#.......# #..#
#gg)###
#.......###..#


You could see Robin.

Vanquished Creatures
  Jessica (D:2)
  An adder (D:2)
  2 dart slugs (D:1)
  A ball python (D:1)
  3 endoplasms
  3 giant cockroaches (D:1)
  7 goblins (D:2)
  5 hobgoblins
  A quokka (D:2)
  A frilled lizard (D:1)
  6 kobolds (D:1)
  4 rats
35 creatures vanquished.

Notes
Turn   | Place    | Note
-------+----------+-------------------------------------------
     0 | D:1      | Buffagor the Octopode Shapeshifter began the quest for the
                  | Orb.
     0 | D:1      | Reached XP level 1. HP: 13/13 MP: 1/1
   188 | D:1      | Reached XP level 2. HP: 18/18 MP: 2/2
   958 | D:2      | Reached XP level 3. HP: 23/23 MP: 3/3
  1116 | D:2      | Noticed Jessica
  1130 | D:2      | Killed Jessica
  1131 | D:2      | Reached skill level 4 in Shapeshifting
  1131 | D:2      | Reached XP level 4. HP: 17/28 MP: 4/4
  1218 | D:2      | Noticed Robin
  1229 | D:2      | Slain by Robin

Illustrated notes

Levels and vault maps discovered:
D:1:      nicolae_arrival_somewhat_less_tricky_arrival, layout_basic
D:2:      layout_basic, serial_bayou_crossing, uniq_robin, uniq_jessica

Skill      XL: |  1  2  3 |
---------------+----------+-----
Shapeshifting  | 4 |  4.2
Fighting       | |  1.0
Dodging        | |  2.0
Unarmed Combat | |  3.7

Action                     |  1- 3 |  4- 6 || total
---------------------------+-------+-------++-------
  Melee: Unarmed           |    42 |     9 ||    51
         Constrict         |    13 |     2 ||    15
         Tentacles         |     7 |     1 ||     8
  Throw: Stone             |    42 |       ||    42
   Stab: Sleeping          |     3 |       ||     3
         Distracted        |       |     1 ||     1
 Armour: Skin              |    11 |     5 ||    16
  Dodge: Dodged            |    21 |     4 ||    25
